 Dungeon Crawl Stone Soup version 0.31.0-11-ge490571c62 (webtiles) character file.

Game seed: 8730815292676003136

1027 PaiMei the Scholar of Death (level 8, -7/60 HPs)
             Began as a Demonspawn Necromancer on Feb 5, 2024.
             Was a Follower of Kikubaaqudgha.
             Killed from afar by an acid dragon (21 damage)
             ... with a splash of acid
             ... on level 6 of the Dungeon.
             The game lasted 00:06:25 (5531 turns).

PaiMei the Scholar of Death (DsNe)                  Turns: 5531, Time: 00:06:25

Health: -7/60      AC:  3    Str:  8    XL:     8   Next: 3%
Magic:  0/4        EV: 13    Int: 17    God:    Kikubaaqudgha [*.....]
Gold:   300        SH:  0    Dex: 15    Spells: 12/16 levels left

rFire   . . .        p - +10 short sword "Oqosapp" {antimagic, rC+ rN++ Will-}
rCold   + . .        (no shield)
rNeg    + + .        C - +3 leather armour {Will+}
rPois   +            A - +0 helmet
rElec   .            k - +0 cloak
rCorr   .            (no gloves)
SInv    .            m - +0 pair of boots
Will    +....        z - amulet of the acrobat
Stlth   ++           j - ring of willpower
HPRegen 0.30/turn    w - ring of poison resistance
MPRegen 0.09/turn

%: acrobat
@: corroded
A: ignite blood 1, sharp scales 2
a: Renounce Religion, Unearth Wretches


You were on level 6 of the Dungeon.
You worshipped Kikubaaqudgha.
Kikubaaqudgha was aware of your devotion.
You visited 2 branches of the dungeon, and saw 7 of its levels.

You collected 300 gold pieces.

Inventory:

Hand Weapons
 d - a +0 long sword
 p - the +10 short sword "Oqosapp" (weapon) {antimagic, rC+ rN++ Will-}
   (You found it on level 2 of the Dungeon)

   rC+:       It protects you from cold.
   rN++:      It greatly protects you from negative energy.
   Will-:     It decreases your willpower.
 v - the +1 dagger of Ynidgh {heavy, SInv}
   (You found it on level 3 of the Dungeon)

   SInv:      It lets you see invisible.
Armour
 a - a +0 robe
 k - a +0 cloak (worn)
 m - a +0 pair of boots (worn)
 y - a +1 hat
 A - a +0 helmet (worn)
 C - a +3 leather armour of willpower (worn)
 H - a +2 ring mail of positive energy
Jewellery
 j - a ring of willpower (left hand)
 l - a ring of willpower
 w - a ring of poison resistance (right hand)
 z - an amulet of the acrobat (around neck)
Wands
 o - a wand of roots (7)
 D - a wand of digging (5)
 F - a wand of flame (15)
 G - a wand of acid (8)
Scrolls
 f - a scroll of immolation {unknown}
 g - 2 scrolls of noise {unknown}
 h - a scroll of amnesia {unknown}
 i - 5 scrolls of identify {unknown}
 n - a scroll of poison {unknown}
 r - a scroll of vulnerability {unknown}
 s - a scroll of silence {unknown}
 u - a scroll of butterflies {unknown}
 x - a scroll of torment {unknown}
 B - 2 scrolls of fear {unknown}
 E - a scroll of revelation {unknown}
Potions
 b - a potion of magic
 c - a potion of haste {unknown}
 e - a potion of lignification {unknown}
 q - 2 potions of mutation {unknown}
 t - a potion of enlightenment {unknown}


   Skills:
 + Level 4.3 Fighting
 + Level 4.5 Dodging
 - Level 2.0 Stealth
 + Level 4.6 Spellcasting
 + Level 6.7 Necromancy


You had 12 spell levels left.
You knew the following spells:

 Your Spells              Type           Power      Damage    Failure   Level
a - Necrotise             Necr           100%       1d9       1%          1
b - Vampiric Draining     Necr           26%        2d7       4%          3

Your spell library contained the following spells:

 Spells                   Type           Power      Damage    Failure   Level
 Sublimation of Blood     Necr           26%        N/A       1%          2
 Fugue of the Fallen      Necr           26%        N/A       4%          3
 Cigotuvi's Dreadful Rot  Necr/Alch/Air  22%        N/A       13%         2
 Animate Dead             Necr           26%        N/A       14%         4
 Magic Dart               Conj           12%        1d3       22%         1
 Blink                    Tloc           6%         N/A       32%         2
 Call Imp                 Summ           6%         N/A       32%         2
 Curse of Agony           Necr           26%        N/A       36%         5
 Dazzling Flash           Conj/Hex       6%         N/A       54%         3
 Mephitic Cloud           Conj/Alch/Air  3%         N/A       54%         3
 Ozocubu's Armour         Ice            3%         N/A       54%         3
 Manifold Assault         Tloc           3%         N/A       91%         4
 Silence                  Hex/Air        1%         N/A       99%         5
 Summon Forest            Summ/Tloc      1%         N/A       99%         5
 Eringya's Noxious Bog    Alch           1%         4d6       100%        6
 Summon Hydra             Summ           1%         N/A       100%        7


Dungeon Overview and Level Annotations

Branches:
Dungeon (6/15)             Temple (1/1) D:4

Altars:
Ashenzari
Dithmenos
Fedhas
Hepliaklqana
Kikubaaqudgha
Makhleb
Nemelex Xobeh
Okawaru
Qazlal
Ru
Sif Muna
Trog
Uskayaw
Vehumet
Xom
Yredelemnul

Shops:
D:3 *


Innate Abilities, Weirdness & Mutations

Your demonic aura sometimes causes spilled blood to erupt in flames.
You are mostly covered in razor-sharp scales. (AC +2, Slay +2)


Message History

Press: ? - help, Shift-Dir - straight line, f/p - acid dragon
Aim: an acid dragon (lightly wounded, catching its breath, chance to affect: 83%)
The acid dragon writhes in agony.
Casting: Necrotise (safe; 1% risk of failure)
Confirm with . or Enter, or press ? or * to list all spells.
Aiming: Necrotise (safe; 1% risk of failure)
Press: ? - help, Shift-Dir - straight line, f/p - acid dragon
Aim: an acid dragon (moderately wounded, catching its breath, chance to affect: 83%)
The acid dragon writhes in agony!
The acid dragon bites you! The acid dragon misses you.
You hit the acid dragon but do no damage.
The acid dragon is heavily wounded.
The acid dragon spits acid at you. The splash of acid hits you!
The acid corrodes you!
You barely miss the acid dragon.
The acid dragon is heavily wounded.
The acid dragon closely misses you. The acid dragon misses you.
You closely miss the acid dragon.
The acid dragon is heavily wounded.
The acid dragon barely misses you. The acid dragon claws you.
* * * LOW HITPOINT WARNING * * *
Casting: Necrotise (safe; 1% risk of failure)
Confirm with . or Enter, or press ? or * to list all spells.
Aiming: Necrotise (safe; 1% risk of failure)
Press: ? - help, Shift-Dir - straight line, f/p - acid dragon
Aim: an acid dragon (heavily wounded, chance to affect: 83%)
The acid dragon writhes in agony.
The acid dragon closely misses you.
The acid dragon claws you but does no damage.
You hit the acid dragon.
The acid dragon is severely wounded.
The acid dragon bites you.
* * * LOW HITPOINT WARNING * * *
The acid dragon closely misses you.
You hit the acid dragon.
The acid dragon is almost dead.
The acid dragon is engulfed in blazing flames.
The acid dragon spits acid at you. The splash of acid hits you!!
You die...
Kikubaaqudgha rasps: "You have failed me!
Welcome... death!"

. .# .##.# ..#.#
##.#.## ##.....#
######......#
......>.....#
#####D@....# ## ##
............# #. ...
.......#.#..# ##
#..# ########.#### #
#..#.###### #.# #
#..#......###.### #
#..######.......#
#.#.............###
###.#.#....#########


You could see an acid dragon (catching breath).

Vanquished Creatures
  Eustachio (D:4)
  Edmund (D:4)
  An ice beast (D:5)
  A phantom (D:6)
  2 scorpions
  A water moccasin zombie (D:5)
  2 bullfrog zombies (D:5)
  A hound (D:5)
  2 iguanas
  Ijyb (D:5)
  2 hound zombies (D:5)
  Robin (D:4)
  11 adders
  2 shadow imps
  A white imp (D:6)
  3 ribbon worms
  4 dart slugs
  4 endoplasms
  15 goblins
  10 hobgoblins
  8 jackals
  6 quokkas
  5 ball pythons
  4 bats
  2 frilled lizards (D:1)
  2 kobolds
  4 rats
97 creatures vanquished.

Notes
Turn   | Place    | Note
-------+----------+-------------------------------------------
     0 | D:1      | PaiMei the Demonspawn Necromancer began the quest for the
                  | Orb.
     0 | D:1      | Reached XP level 1. HP: 13/13 MP: 3/3
   388 | D:1      | Gained mutation: Your demonic aura sometimes causes spilled
                  | blood to erupt in flames. [demonic ancestry]
   388 | D:1      | Reached XP level 2. HP: 19/19 MP: 1/5
  1425 | D:2      | Identified the +10 short sword "Oqosapp" {antimagic, rC+
                  | rN++ Will-}
  1468 | D:2      | Reached skill level 1 in Fighting
  1468 | D:2      | Gained mutation: You are partially covered in razor-sharp
                  | scales. (AC +1, Slay +1) [demonic ancestry]
  1468 | D:2      | Reached XP level 3. HP: 26/26 MP: 0/6
  1657 | D:2      | Learned a level 3 spell: Vampiric Draining
  1796 | D:2      | Gained mutation: You are mostly covered in razor-sharp
                  | scales. (AC +2, Slay +2) [demonic ancestry]
  1796 | D:2      | Reached XP level 4. HP: 24/32 MP: 2/7
  2004 | D:2      | Found a faded altar of an unknown god.
  2285 | D:3      | Reached skill level 5 in Necromancy
  2313 | D:3      | Identified the +1 dagger of Ynidgh {heavy, SInv}
  2479 | D:3      | Found Raxtio Roukk's General Store.
  3005 | D:4      | Found a staircase to the Ecumenical Temple.
  3024 | Temple   | Entered the Ecumenical Temple
  3032 | Temple   | Became a worshipper of Kikubaaqudgha
  3082 | D:4      | Noticed Edmund
  3082 | D:4      | Noticed Robin
  3126 | D:4      | Killed Robin
  3127 | D:4      | Reached XP level 5. HP: 35/38 MP: 3/9
  3159 | D:4      | Killed Edmund
  3160 | D:4      | Reached XP level 6. HP: 6/46 MP: 0/11
  3905 | D:4      | Noticed Eustachio
  3922 | D:4      | Killed Eustachio
  4309 | D:5      | Entered Level 5 of the Dungeon
  4325 | D:5      | Reached * piety under Kikubaaqudgha
  4325 | D:5      | Received a gift from Kikubaaqudgha
  4499 | D:5      | Reached skill level 6 in Necromancy
  4499 | D:5      | Reached XP level 7. HP: 43/52 MP: 4/12
  4534 | D:5      | Found a basalt altar of Yredelemnul.
  4875 | D:5      | Noticed Ijyb
  4879 | D:5      | Killed Ijyb
  4947 | D:5      | Found a shimmering altar of Xom.
  5294 | D:6      | Reached XP level 8. HP: 60/60 MP: 3/14
  5531 | D:6      | Killed from afar by an acid dragon

Illustrated notes

Levels and vault maps discovered:
D:1:      sevenhm_arrival_forest_fort_small_5, layout_loops_corners
D:2:      layout_basic, shapermc_ecumenical_altar_mp_vishouse,
          minmay_heptomino_o4
D:3:      layout_basic, serial_shops, shop
D:4:      layout_basic, minmay_temple_entry_stoned_glass, uniq_edmund,
          uniq_eustachio, uniq_robin
D:5:      layout_loops_ring, nicolae_yredelemnul_corpse_copse,
          mainiacjoe_overflow_cross_hatched, uniq_ijyb
D:6:      cheibrodos_fertilizer, layout_loops_ring,
          grunt_temple_overflow_diamond, serial_shops, shop, serial_bayou_pond_e
Temple:   sentei_temple_godly_chess

Skill      XL: |  1  2  3  4  5  6  7 |
---------------+----------------------+-----
Stealth        | 2 |  2.0
Dodging        | 2 3 4 |  4.5
Fighting       | 1 2 3 4 |  4.3
Necromancy     | 5 6 |  6.7
Spellcasting   | 3 4 |  4.6

Action                     |  1- 3 |  4- 6 |  7- 9 || total
---------------------------+-------+-------+-------++-------
  Melee: Long sword        |    12 |       |       ||    12
         Short sword       |    20 |    92 |    47 ||   159
         Punch             |     1 |     1 |       ||     2
   Cast: Necrotise         |    34 |    32 |    19 ||    85
         Vampiric Draining |       |       |     1 ||     1
   Stab: Sleeping          |       |     4 |     3 ||     7
 Armour: Robe              |    25 |    55 |       ||    80
         Leather armour    |       |    14 |    29 ||    43
  Dodge: Dodged            |    33 |    66 |    30 ||   129
